 Dungeon Crawl Stone Soup version 0.24.0-13-gcf9b3192b9 (webtiles) character file.

Game seed: 4985021582308397528, levelgen mode: deterministic

60 Metae the Charmwright (level 4, 0/34 HPs)
             Began as a Merfolk Skald on Nov 6, 2019.
             Succumbed to an adder's poison
             ... on level 2 of the Dungeon.
             The game lasted 00:32:23 (1727 turns).

Metae the Charmwright (Merfolk Skald)               Turns: 1727, Time: 00:32:24

Health: 0/34       AC:  2    Str: 12    XL:     4   Next: 4%
Magic:  6/7        EV: 13    Int: 12    God:
Gold:   27         SH:  0    Dex: 13    Spells: 2/7 levels left

rFire    + . .     SeeInvis +   a - +0 spear
rCold    . . .     Gourm    .   (no shield)
rNeg     . . .     Faith    .   (no armour)
rPois    .         Spirit   .   (no helmet)
rElec    .         Reflect  .   j - +1 cloak
rCorr    .         Harm     .   (no gloves)
MR       .....                  (no boots)
Stlth    +.........             p - amulet of regeneration
HPRegen  0.51/turn              h - ring of see invisible
MPRegen  0.10/turn              (no ring)

@: lethally poisoned (0 -> -1)
A: change form in water, swift swim, stealthy swim, blink, fire resistance 1,
wild magic 1
a: Blink


You were on level 2 of the Dungeon.
You were not hungry.

You visited 1 branch of the dungeon, and saw 2 of its levels.

You collected 27 gold pieces.

Inventory:

Hand Weapons
 a - a +0 spear (weapon)
Missiles
 g - 77 stones (quivered)
Armour
 b - a +0 leather armour
 e - a +0 scale mail
 j - a +1 cloak (worn)
Jewellery
 h - a ring of see invisible (left hand)
 p - an amulet of regeneration (around neck)
Scrolls
 c - a scroll of enchant armour {unknown}
 i - a scroll of identify
 n - a scroll of random uselessness {unknown}
 o - a scroll of amnesia {unknown}
Potions
 l - a potion of haste {unknown}
 m - 2 potions of magic
Comestibles
 d - 7 chunks of flesh
 f - 2 rations


   Skills:
 + Level 2.3 Fighting
 + Level 3.6 Polearms
 + Level 1.1 Armour
 + Level 3.0 Dodging
 + Level 2.4 Spellcasting
 + Level 4.1 Charms


You had 2 spell levels left.
You knew the following spells:

 Your Spells              Type           Power        Failure   Level  Hunger
a - Infusion              Chrm           ##..         8%          1    ##.....
b - Song of Slaying       Chrm           ##......     11%         2    ###....
c - Shroud of Golubria    Chrm/Tloc      #.....       24%         2    ###....

Your spell library contained the following spells:

 Spells                   Type           Power        Failure   Level  Hunger
 Regeneration             Chrm/Necr      #.........   41%         3    ####...
 Spectral Weapon          Hex/Chrm       #.......     41%         3    ####...


Dungeon Overview and Level Annotations

Branches:
Dungeon (2/15)

Altars:


Innate Abilities, Weirdness & Mutations

You revert to your normal form in water.
You are very nimble and swift while swimming.
You are very stealthy in the water. (Stealth+)
You can translocate small distances at will.
Your flesh is heat resistant. (rF+)
Your spells are a little harder to cast, but a little more powerful.


Message History

The adder bites you. x2
You are poisoned.
The adder poisons you!
You feel sick. The gnoll hits you.
* * * LOW HITPOINT WARNING * * *
You feel sick. The adder bites you.
* * * LOW HITPOINT WARNING * * *
You feel sick. The adder closely misses you. The adder bites you.
* * * LOW HITPOINT WARNING * * *
You are more poisoned.
The adder poisons you!
You feel sick. The gnoll closely misses you.
You feel sick. The adder closely misses you.
You feel sick. The adder bites you.
* * * LOW HITPOINT WARNING * * *
You die...

###...#######.. #.###
...............##...#
.#############..#...#
.# #......# . .#
###....##... .###
##.......# ...#
####)....#### ##.#
#.....#### # .###
####.###@#
......###....# #.#
.#...........###S###
.#.........#....g..#
.>..........###..###
.#........#.###..#####
.#...................#
...........###.......#
.........>...........#


You could see a gnoll and an adder.

Vanquished Creatures
  An adder (D:2)
  A gnoll (D:2)
  An ooze (D:1)
  A dart slug (D:1)
  A leopard gecko (D:2)
  A giant cockroach (D:1)
  5 hobgoblins
  A quokka (D:2)
  5 bats
  3 frilled lizards
  5 goblins
  6 kobolds (D:1)
  4 rats (D:1)
35 creatures vanquished.

Notes
Turn   | Place    | Note
-------+----------+-------------------------------------------
     0 | D:1      | Metae the Merfolk Skald began the quest for the Orb.
     0 | D:1      | Reached XP level 1. HP: 16/16 MP: 3/3
   524 | D:1      | Reached XP level 2. HP: 17/22 MP: 5/5
   642 | D:1      | Learned a level 2 spell: Song of Slaying
   651 | D:1      | Learned a level 2 spell: Shroud of Golubria
   694 | D:1      | Reached skill level 1 in Armour
   924 | D:1      | Reached XP level 3. HP: 22/28 MP: 6/6
  1671 | D:2      | Reached skill level 4 in Charms
  1671 | D:2      | Reached XP level 4. HP: 26/34 MP: 0/7
  1681 | D:2      | Gained mutation: Your flesh is heat resistant. (rF+)
                  | [potion of mutation]
  1681 | D:2      | Gained mutation: You can translocate small distances at
                  | will. [potion of mutation]
  1681 | D:2      | Gained mutation: Your spells are a little harder to cast,
                  | but a little more powerful. [potion of mutation]
  1726 | D:2      | HP: 1/34 [adder (4)]
  1727 | D:2      | Succumbed to an adder's poison

Levels and vault maps discovered:
D:1:      sevenhm_arrival_forest_fort_small_6, layout_loops_corners,
          nrook_mini_backslash, chequers_serial_rivers_marsh
D:2:      layout_rooms, old_standard_altar, minmay_liquid_box

Skill      XL: |  1  2  3 |
---------------+----------+-----
Dodging        | 3 |  3.0
Armour         | 1 |  1.1
Charms         | 4 |  4.1
Fighting       | |  2.3
Polearms       | |  3.6
Spellcasting   | |  2.4

Action                   |  1- 3 |  4- 6 || total
-------------------------+-------+-------++-------
Melee: Spear             |   134 |     7 ||   141
 Cast: Infusion          |     7 |       ||     7
       Song of Slaying   |     1 |       ||     1
  Use: Scroll            |     2 |       ||     2
       Potion            |     1 |     1 ||     2
  Eat: Ration            |     1 |       ||     1
Armor: Leather armour    |    13 |       ||    13
       Skin              |    15 |     2 ||    17
       Scale mail        |     2 |       ||     2
Dodge: Dodged            |   101 |    10 ||   111
